 Dungeon Crawl Stone Soup version 0.22-a0-396-g3f858e3 (webtiles) character file.

124633 DocClef the Blocker (level 16, -20/129 HPs)
             Began as a Gnoll Fighter on May 3, 2018.
             Was the Champion of Okawaru.
             Killed by the raging water
             ... invoked by a water nymph
              (27 damage)
             ... on level 1 of the Shoals.
             The game lasted 00:50:12 (26344 turns).

DocClef the Blocker (Gnoll Fighter)                Turns: 26344, Time: 00:50:13

Health: -20/129    AC: 44    Str: 26    XL:     16   Next: 93%
Magic:  0/34       EV: 22    Int: 10    God:    Okawaru [******]
Gold:   2613       SH:  4    Dex: 18    Spells: 37/37 levels left

rFire    . . .     SeeInvis .   P - +5 dire flail "Zoil" {protect, +Blink rF+ MR+}
rCold    + + +     Gourm    .   (shield currently unavailable)
rNeg     + . .     Faith    .   S - +9 ice dragon scales "Kihupi" {rPois rF- rC++ rN+ Regen+ Stlth+}
rPois    +         Spirit   +   x - +0 helmet "Egeumm" {rPois}
rElec    .         Reflect  .   k - +0 cloak
rCorr    .         Harm     .   C - +0 pair of fencer's gloves {+Riposte Dex+3}
MR       ++...                  c - +1 pair of boots
Stlth    +++.......             W - amulet of guardian spirit
HPRegen  0.71/turn              U - ring of protection from cold
MPRegen  0.24/turn              J - +4 ring of protection

@: lethally poisoned (-20 -> -20), heroism, protection aura, very slow
A: distributed training, fangs 1, talons 1, large bone plates 1, high mp 1,
strong nose
a: Heroism, Finesse, Renounce Religion, Evoke Blink


You were on level 1 of the Shoals.
You worshipped Okawaru.
Okawaru was exalted by your worship.
You were not hungry.

You visited 6 branches of the dungeon, and saw 27 of its levels.
You also visited: Sewer, Ossuary and Ice Cave.

You collected 2613 gold pieces.

Inventory:

Hand Weapons
 v - the +8 longbow "Zephyr" {speed, Dex+3 SInv}
   (You found it on level 1 of the Shoals)

   Attacks with this weapon are significantly faster.
   It affects your dexterity (+3).
   It lets you see invisible.
 L - a +1 scimitar of flaming
 P - the +5 dire flail "Zoil" (weapon) {protect, +Blink rF+ MR+}
   (Okawaru gifted it to you on level 3 of the Lair of Beasts)

   It protects the one who uses it against injury (+AC on strike).
   It protects you from fire.
   It affects your resistance to hostile enchantments.
   It lets you blink.
Missiles
 B - 31 tomahawks (quivered)
 K - 2 javelins
 Y - 6 poisoned tomahawks
Armour
 c - a +1 pair of boots (worn)
 k - a +0 cloak (worn)
 r - a +2 helmet
 x - the +0 helmet "Egeumm" (worn) {rPois}
   (You acquired it on level 10 of the Dungeon)

   It protects you from poison.
 C - the +0 pair of fencer's gloves (worn) {+Riposte Dex+3}
   (You acquired it on level 10 of the Dungeon)

   It affects your dexterity (+3).
 S - the +9 ice dragon scales "Kihupi" (worn) {rPois rF- rC++ rN+ Regen+ Stlth+}
   (You found it in an ice cave)

   It makes you vulnerable to fire.
   It greatly protects you from cold.
   It protects you from poison.
   It protects you from negative energy.
   It increases your rate of regeneration.
   It makes you more stealthy.
Jewellery
 G - an uncursed ring of resist corrosion
 J - a +4 ring of protection (right hand)
 U - a ring of protection from cold (left hand)
 W - an amulet of guardian spirit (around neck)
Wands
 n - a wand of polymorph (6)
 q - a wand of flame (85)
 z - a wand of enslavement (20)
 D - a wand of acid (11)
 E - a wand of iceblast (1)
 N - a wand of digging (25)
 R - a wand of paralysis (35)
 V - a wand of clouds (2)
Scrolls
 d - 6 scrolls of amnesia
 g - 17 scrolls of remove curse
 i - 4 scrolls of identify
 l - 6 scrolls of teleportation
 u - 7 scrolls of enchant armour
 w - 3 scrolls of blinking
 y - 5 scrolls of immolation
 A - 5 scrolls of fog
 Z - 2 scrolls of magic mapping
Potions
 b - 6 potions of berserk rage
 e - 3 potions of agility
 h - 4 potions of lignification
 j - a potion of haste
 m - 2 potions of flight
 o - 13 potions of curing
 p - 3 potions of resistance
 s - 4 potions of mutation
 t - 6 potions of magic
 F - 4 potions of heal wounds
 H - a potion of brilliance
 I - 4 potions of might
 O - a potion of ambrosia
 Q - a potion of cancellation
 X - a potion of invisibility
Miscellaneous
 a - a fan of gales
Comestibles
 f - 46 rations
 M - 2 chunks of flesh


   Skills:
 + Level 12.5(17.5) Fighting
 + Level 11.0(16.0) Short Blades
 + Level 11.0(16.0) Long Blades
 + Level 11.0(16.0) Axes
 + Level 11.8(16.8) Maces & Flails
 + Level 11.0(16.0) Polearms
 + Level 11.0(16.0) Staves
 + Level 11.0(16.0) Slings
 + Level 11.0(16.0) Bows
 + Level 11.0(16.0) Crossbows
 + Level 11.0(16.0) Throwing
 + Level 12.5(17.5) Armour
 + Level 11.0(16.0) Dodging
 + Level 11.0(16.0) Stealth
 + Level 12.5(17.5) Shields
 + Level 11.0(16.0) Unarmed Combat
 + Level 11.0 Spellcasting
 + Level 9.3 Conjurations
 + Level 9.3 Hexes
 + Level 9.3 Charms
 + Level 9.3 Summonings
 + Level 9.3 Necromancy
 + Level 9.3 Translocations
 + Level 9.3 Transmutations
 + Level 9.3 Fire Magic
 + Level 9.3 Ice Magic
 + Level 9.3 Air Magic
 + Level 9.3 Earth Magic
 + Level 9.3 Poison Magic
 + Level 11.8 Invocations
 + Level 11.0 Evocations


You had 37 spell levels left.
You didn't know any spells.

Dungeon Overview and Level Annotations

Branches:
Dungeon (15/15)            Temple (1/1) D:5            Lair (6/6) D:8
 Shoals (2/4) Lair:2       Spider (0/4) Lair:2        Slime (0/5) Lair:5
    Orc (2/2) D:11            Elf (0/3) Orc:2        Vaults (0/5) D:14
 Depths (1/5) D:15

Altars:
Ashenzari
Cheibriados
Dithmenos
Elyvilon
Fedhas
Gozag
Hepliaklqana
Kikubaaqudgha
Makhleb
Nemelex Xobeh
Okawaru
Qazlal
Ru
Sif Muna
Trog
Uskayaw
Vehumet
Wu Jian
Xom
Yredelemnul
Zin
The Shining One
Beogh
Jiyva

Shops:
D:11 (:   Orc:2 ([*:

Portals:
Abyss: Depths:1
Trove: D:10 (give 4 scrolls of blinking)


Innate Abilities, Weirdness & Mutations

Your experience applies equally to all skills.
You have very sharp teeth.
Your uncanny sense of smell can sniff out nearby items.
You have sharp toenails.
You are partially covered in large bone plates. (SH +4)
You have an increased reservoir of magic. (+10% MP)


Message History

Moving in this stuff is going to be slow.
You closely miss the water nymph.
The water nymph is severely wounded.
Unknown command.
Your unstable footing causes you to fumble your attack.
The water nymph touches you!
* * * LOW HITPOINT WARNING * * *
The water nymph drowns you!
* * * LOW HITPOINT WARNING * * *
Unknown command.
You closely miss the water nymph.
You bite the water nymph, but do no damage.
The water nymph is severely wounded.
You feel sick.
Unknown command.
You thump the water nymph!
The water nymph is almost dead.
The water nymph points at you and mumbles some strange words.
The water swirls and strikes you!
You die...

.[).............)((####PPPPPP≈P..
≈≈≈≈≈≈≈...≈≈≈..)([P.##.PPPPP≈≈P≈≈
≈≈≈≈≈≈≈≈..≈≈≈.###(≈...≈≈.#..≈P≈P≈
≈≈≈≈≈≈≈≈≈≈≈≈≈.# #..≈≈≈(.####P.≈≈≈
≈≈≈≈≈≈≈≈≈≈≈≈≈.###..≈≈≈≈## ##.≈≈.
≈≈≈≈≈≈≈≈≈≈≈≈≈≈.....≈≈≈.# ##PP.#
..≈≈≈≈≈≈≈≈≈≈≈≈≈..###...## ##..≈.#
##≈≈≈≈≈≈≈≈≈≈(≈≈≈.# ##...###.P..##
##.≈≈≈≈≈≈≈≈≈≈≈≈≈@#####......PP.#
##...≈≈≈≈≈≈≈≈≈≈≈m≈..##.....≈≈..#
....≈≈≈≈≈≈≈≈≈≈≈≈≈≈.....###.≈≈..#
##.≈≈≈≈≈≈≈≈(≈≈≈≈≈≈....## #..≈..##
##.≈≈≈≈≈≈≈≈≈≈≈≈≈P≈.#######.≈≈≈...
#..≈≈≈≈≈≈≈≈P≈≈P≈≈..# ###...≈≈≈...
...≈≈≈≈≈)P≈P≈≈≈≈.).###....≈≈≈≈≈≈≈
≈.≈≈≈≈≈≈PP≈).###........≈≈≈≈≈≈≈≈≈
≈≈≈≈≈≈≈≈PPP..###.....≈≈≈≈≈≈≈≈≈≈≈≈


You could see a water nymph.

Vanquished Creatures
  Rupert (Lair:3)
  Roxanne (Shoals:1)
  An orc warlord (Orc:2)
  Louise (D:14)
  A stone giant (Orc:1)
  Nessos (D:14)
  The ghost of nel the Fencer, a journeyman DgSk (Orc:2)
  Josephine (Lair:6)
  Snorg (Lair:4)
  A merfolk impaler (Shoals:2)
  Harold (D:11)
  2 centaur warriors
  4 hydras
  A merfolk avatar (Shoals:1)
  A death knight (D:14)
  3 catoblepae (Lair:6)
  2 dancing weapons (D:14)
  Erica (D:10)
  3 merfolk aquamancers (Shoals:1)
  14 death yaks
  An ogre mage (D:15)
  3 orc high priests (Orc:2)
  9 two-headed ogres
  The ghost of jasper the Slinger, a novice HaHu of Uskayaw (D:9)
  Sonja (Lair:3)
  Nergalle (Lair:3)
  3 skeletal warriors (D:15)
  4 sea snakes
  4 orc knights
  A wizard (D:15)
  A necromancer (D:15)
  The ghost of dialectric the Slasher, a novice DsFi (D:7)
  4 harpies (Shoals:1)
  4 deep elf magi
  7 manticores
  5 cyclopes
  6 ugly things
  8 orc sorcerers
  A faun (Shoals:1)
  A wolf spider zombie (D:10)
  Maurice (D:8)
  4 elephants (Lair:3)
  3 ice statues (IceCv)
  A black mamba (Lair:5)
  Joseph (D:8)
  2 water nymphs (Shoals:1)
  4 merfolk sirens
  2 centaur zombies (D:15)
  14 spiny frogs
  7 centaur skeletons
  4 gargoyles
  5 komodo dragons
  4 rime drakes
  An efreet (D:14)
  A tengu conjurer (D:15)
  A polar bear (Lair:6)
  4 merfolk (Shoals:1)
  4 jumping spiders (Lair:2)
  7 trolls
  A harpy skeleton (D:15)
  19 blink frogs
  5 hornets
  3 snapping turtles
  Prince Ribbit (D:8)
  15 dream sheep
  6 slime creatures
  11 hippogriffs
  A centaur simulacrum (D:15)
  3 redbacks (Lair:2)
  5 water elementals
  5 wyverns
  2 shadows
  Sigmund (D:4)
  55 yaks
  6 wraiths
  A vampire (D:14)
  Grum (D:8)
  2 basilisks
  A hungry ghost (D:11)
  A soldier ant (D:14)
  5 wargs
  An acid dragon (D:13)
  12 water moccasins
  5 porcupines
  32 orc warriors
  5 sky beasts
  A meliai simulacrum (D:14)
  An eye of draining (D:13)
  7 ice beasts
  A hornet zombie (D:13)
  3 phantoms
  9 ogres
  18 wolves
  A necrophage (D:12)
  12 centaurs
  19 crocodiles
  3 elf zombies (Ossuary)
  24 bullfrogs
  2 big kobolds
  A wyvern zombie (D:7)
  A gnoll sergeant (D:7)
  A water moccasin zombie (D:8)
  A wyvern skeleton (D:13)
  7 scorpions
  4 wights (D:15)
  21 killer bees
  7 howler monkeys
  5 electric eels (Lair:4)
  3 crimson imps
  A quasit (D:11)
  4 jellies
  4 bullfrog zombies
  Crazy Yiuf (D:4)
  26 orc priests
  7 hounds
  24 orc wizards
  6 bullfrog skeletons
  Terence (D:2)
  Natasha (thrice) (D:2)
  3 iguanas
  7 hell rats (Lair:6)
  10 worker ants
  3 hound zombies (Ossuary)
  4 mummies (Ossuary)
  2 worker ant zombies (D:11)
  A howler monkey zombie (D:9)
  Robin (D:1)
  13 gnolls
  18 adders
  4 shadow imps
  8 oozes
  3 adder zombies
  7 worms
  An adder skeleton (D:6)
  3 dart slugs
  13 leopard geckos
  103 orcs
  12 giant cockroaches
  4 gnoll zombies
  16 goblins
  12 hobgoblins
  8 jackals
  6 quokkas
  12 ball pythons
  5 bats
  18 frilled lizards
  A goblin zombie (Ossuary)
  2 jackal skeletons (D:4)
  A jackal zombie (Ossuary)
  22 kobolds
  2 kobold zombies (Ossuary)
  A quokka skeleton (D:8)
  A quokka zombie (D:5)
  6 rats
  A plant (Shoals:1)
946 creatures vanquished.

Vanquished Creatures (others)
  A centaur warrior (D:15)
  A wizard (D:15)
  2 centaurs
  A kobold (D:14)
  11 fungi
  46 plants
62 creatures vanquished.

Grand Total: 1008 creatures vanquished

Notes
Turn   | Place    | Note
-------+----------+-------------------------------------------
     0 | D:1      | DocClef the Gnoll Fighter began the quest for the Orb.
     0 | D:1      | Reached XP level 1. HP: 23/23 MP: 1/1
   124 | D:1      | Reached XP level 2. HP: 26/29 MP: 2/2
   398 | D:1      | Reached XP level 3. HP: 34/35 MP: 3/3
   669 | D:1      | Reached skill level 1 in Invocations
   894 | D:2      | Noticed Robin
  1042 | D:2      | Reached skill level 1 in Short Blades
  1042 | D:2      | Reached skill level 1 in Long Blades
  1042 | D:2      | Reached skill level 1 in Axes
  1042 | D:2      | Reached skill level 1 in Polearms
  1042 | D:2      | Reached skill level 1 in Staves
  1042 | D:2      | Reached skill level 1 in Slings
  1042 | D:2      | Reached skill level 1 in Bows
  1042 | D:2      | Reached skill level 1 in Crossbows
  1042 | D:2      | Reached skill level 1 in Throwing
  1042 | D:2      | Reached skill level 1 in Dodging
  1042 | D:2      | Reached skill level 1 in Stealth
  1042 | D:2      | Reached skill level 1 in Unarmed Combat
  1042 | D:2      | Reached skill level 1 in Spellcasting
  1042 | D:2      | Reached skill level 1 in Evocations
  1059 | D:1      | HP: 1/35 [Robin/wand of flame (24) (8)]
  1060 | D:1      | Killed Robin
  1060 | D:1      | Reached XP level 4. HP: 1/41 MP: 5/5
  1552 | D:2      | Reached skill level 1 in Conjurations
  1552 | D:2      | Reached skill level 1 in Hexes
  1552 | D:2      | Reached skill level 1 in Charms
  1552 | D:2      | Reached skill level 1 in Summonings
  1552 | D:2      | Reached skill level 1 in Necromancy
  1552 | D:2      | Reached skill level 1 in Translocations
  1552 | D:2      | Reached skill level 1 in Transmutations
  1552 | D:2      | Reached skill level 1 in Fire Magic
  1552 | D:2      | Reached skill level 1 in Ice Magic
  1552 | D:2      | Reached skill level 1 in Air Magic
  1552 | D:2      | Reached skill level 1 in Earth Magic
  1552 | D:2      | Reached skill level 1 in Poison Magic
  1612 | D:2      | Found a hide-covered altar of Uskayaw.
  1612 | D:2      | Found a shadowy altar of Dithmenos.
  1612 | D:2      | Found a shimmering altar of Xom.
  1612 | D:2      | Found a glowing golden altar of the Shining One.
  1637 | D:2      | Noticed Terence
  1653 | D:2      | Killed Terence
  1653 | D:2      | Reached XP level 5. HP: 37/47 MP: 5/7
  1810 | D:2      | Noticed Natasha
  1821 | D:2      | Killed Natasha
  1999 | D:2      | Noticed Natasha
  2010 | D:2      | Killed Natasha
  2059 | D:2      | Noticed Natasha
  2079 | D:2      | Killed Natasha
  2079 | D:2      | Reached XP level 6. HP: 52/53 MP: 8/8
  2704 | D:3      | Found a glowing drain.
  2709 | D:3      | Reached skill level 5 in Maces & Flails
  2727 | Sewer    | Entered a sewer
  2997 | Sewer    | Reached XP level 7. HP: 52/59 MP: 10/10
  3730 | D:4      | Upgraded the game from 0.22-a0-395-gfed312b to 0.22-a0-396-g3f858e3
  3790 | D:4      | Noticed Sigmund
  3809 | D:4      | Killed Sigmund
  4212 | D:4      | Reached XP level 8. HP: 67/67 MP: 12/12
  4494 | D:4      | Found a runed door.
  4604 | D:4      | Noticed Crazy Yiuf
  4617 | D:4      | Killed Crazy Yiuf
  4682 | D:5      | Entered Level 5 of the Dungeon
  5109 | D:5      | Found a faded altar of an unknown god.
  5116 | D:5      | Found a staircase to the Ecumenical Temple.
  5125 | Temple   | Entered the Ecumenical Temple
  5190 | Temple   | Became a worshipper of Warmaster Okawaru
  5647 | D:6      | Reached XP level 9. HP: 72/72 MP: 14/14
  5914 | D:6      | Found a basalt altar of Yredelemnul.
  5941 | D:6      | Found a bloodstained altar of Trog.
  6460 | D:6      | Found an opulent altar of Gozag.
  6591 | D:7      | Reached * piety under Okawaru
  6661 | D:7      | Noticed dialectric's ghost (novice DsFi)
  6679 | D:7      | Killed dialectric's ghost
  6728 | D:7      | Reached skill level 5 in Invocations
  6832 | D:7      | Found a shimmering altar of Xom.
  7085 | D:7      | Reached ** piety under Okawaru
  7108 | D:7      | Reached XP level 10. HP: 64/80 MP: 15/17
  8062 | D:8      | Found a sand-covered staircase.
  8071 | Ossuary  | Entered an ossuary
  8100 | Ossuary  | Reached skill level 5 in Short Blades
  8100 | Ossuary  | Reached skill level 5 in Long Blades
  8100 | Ossuary  | Reached skill level 5 in Axes
  8100 | Ossuary  | Reached skill level 5 in Polearms
  8100 | Ossuary  | Reached skill level 5 in Staves
  8100 | Ossuary  | Reached skill level 5 in Slings
  8100 | Ossuary  | Reached skill level 5 in Bows
  8100 | Ossuary  | Reached skill level 5 in Crossbows
  8100 | Ossuary  | Reached skill level 5 in Throwing
  8100 | Ossuary  | Reached skill level 5 in Dodging
  8100 | Ossuary  | Reached skill level 5 in Stealth
  8100 | Ossuary  | Reached skill level 5 in Unarmed Combat
  8100 | Ossuary  | Reached skill level 5 in Spellcasting
  8100 | Ossuary  | Reached skill level 5 in Evocations
  8516 | D:8      | Noticed Prince Ribbit
  8543 | D:8      | Killed Prince Ribbit
  8554 | D:8      | Noticed Grum
  8584 | D:8      | Killed Grum
  8748 | D:8      | Noticed a death yak
  8749 | D:8      | Noticed a death yak
  8749 | D:8      | Noticed a death yak
  8767 | D:7      | Killed a death yak
  8767 | D:7      | Reached *** piety under Okawaru
  8814 | D:8      | Found an opulent altar of Gozag.
  9036 | D:8      | Noticed Maurice
  9053 | D:8      | Noticed a two-headed ogre
  9063 | D:8      | Killed a two-headed ogre
  9063 | D:8      | Received a gift from Okawaru
  9085 | D:8      | Reached XP level 11. HP: 51/87 MP: 19/19
  9104 | D:8      | Killed a death yak
  9115 | D:8      | Killed a death yak
  9115 | D:8      | Reached **** piety under Okawaru
  9129 | D:8      | Reached skill level 5 in Conjurations
  9129 | D:8      | Reached skill level 5 in Hexes
  9129 | D:8      | Reached skill level 5 in Charms
  9129 | D:8      | Reached skill level 5 in Summonings
  9129 | D:8      | Reached skill level 5 in Necromancy
  9129 | D:8      | Reached skill level 5 in Translocations
  9129 | D:8      | Reached skill level 5 in Transmutations
  9129 | D:8      | Reached skill level 5 in Fire Magic
  9129 | D:8      | Reached skill level 5 in Ice Magic
  9129 | D:8      | Reached skill level 5 in Air Magic
  9129 | D:8      | Reached skill level 5 in Earth Magic
  9129 | D:8      | Reached skill level 5 in Poison Magic
  9139 | D:8      | Killed Maurice
  9422 | D:8      | Found a staircase to the Lair.
  9550 | D:8      | Paralysed by a hornet for 2 turns
 10113 | D:8      | Found a stormy altar of Qazlal.
 10286 | D:8      | Noticed Joseph
 10301 | D:8      | Killed Joseph
 10621 | D:9      | Noticed jasper's ghost (novice HaHu)
 10663 | D:9      | Killed jasper's ghost
 10663 | D:9      | Received a gift from Okawaru
 10866 | D:9      | Got a jewelled leather armour
 10877 | D:9      | Identified the cursed +1 leather armour of Koshaom {Regen+ Int+3 Dex-3} (You found it on level 9 of the Dungeon)
 11038 | D:9      | Noticed a two-headed ogre
 11049 | D:9      | Killed a two-headed ogre
 11448 | D:10     | Entered Level 10 of the Dungeon
 11480 | D:10     | Found a portal to a secret trove of treasure.
 11511 | D:10     | Identified 2 scrolls of acquirement
 11512 | D:10     | Got a transparent helmet
 11526 | D:10     | Identified the +0 helmet "Egeumm" {rPois} (You acquired it on level 10 of the Dungeon)
 11527 | D:10     | Found the +0 pair of fencer's gloves {+Riposte Dex+3}
 12012 | D:10     | Reached XP level 12. HP: 85/96 MP: 22/22
 12120 | D:10     | Noticed Erica
 12131 | D:10     | Killed Erica
 12332 | Lair:1   | Entered Level 1 of the Lair of Beasts
 12444 | Lair:1   | Reached ***** piety under Okawaru
 12517 | Lair:1   | Gained mutation: You have sharp toenails. [potion of mutation]
 12517 | Lair:1   | Gained mutation: You have an increased reservoir of magic. (+10% MP) [potion of mutation]
 12517 | Lair:1   | Gained mutation: You are partially covered in large bone plates. (SH +4) [potion of mutation]
 12664 | Lair:1   | You fall through a shaft!
 12718 | Lair:2   | Received a gift from Okawaru
 12885 | Lair:2   | Found a hole to the Spider Nest.
 12892 | Lair:2   | Received a gift from Okawaru
 13373 | Lair:2   | Found a staircase to the Shoals.
 14063 | Lair:1   | Reached skill level 10 in Fighting
 14063 | Lair:1   | Reached skill level 10 in Armour
 14063 | Lair:1   | Reached skill level 10 in Shields
 14702 | Lair:3   | Noticed Nergalle
 14720 | Lair:3   | Killed Nergalle
 14720 | Lair:3   | Reached XP level 13. HP: 68/103 MP: 25/27
 14924 | Lair:3   | Received a gift from Okawaru
 14929 | Lair:3   | Noticed Sonja
 14946 | Lair:3   | Killed Sonja
 14958 | Lair:3   | Got a smoking dire flail {god gift}
 14964 | Lair:3   | Identified the +5 dire flail "Zoil" {protect, +Blink rF+ MR+} (Okawaru gifted it to you on level 3 of the Lair of Beasts)
 15029 | Lair:3   | Noticed Rupert
 15092 | Lair:3   | Killed Rupert
 15403 | Lair:3   | Received a gift from Okawaru
 16009 | Lair:4   | Noticed Snorg
 16022 | Lair:4   | Killed Snorg
 16024 | Lair:4   | Received a gift from Okawaru
 16029 | Lair:4   | Found a frozen archway.
 16050 | IceCv    | Entered an ice cave
 16398 | IceCv    | Received a gift from Okawaru
 16450 | IceCv    | Got slimy ice dragon scales
 16461 | IceCv    | Identified the +9 ice dragon scales "Kihupi" {rPois rF- rC++ rN+ Regen+ Stlth+} (You found it in an ice cave)
 17360 | Lair:5   | Reached XP level 14. HP: 111/111 MP: 29/29
 17456 | Lair:5   | Reached skill level 10 in Maces & Flails
 17533 | Lair:5   | Found a staircase to the Slime Pits.
 17533 | Lair:5   | Found a viscous altar of Jiyva.
 17971 | Lair:6   | Entered Level 6 of the Lair of Beasts
 18176 | Lair:6   | Reached skill level 10 in Invocations
 18327 | Lair:6   | Received a gift from Okawaru
 18345 | Lair:6   | Received a gift from Okawaru
 18440 | Lair:6   | Received a gift from Okawaru
 18771 | Lair:6   | Noticed Josephine
 18798 | Lair:6   | Killed Josephine
 19024 | Lair:6   | Reached XP level 15. HP: 109/119 MP: 31/31
 19387 | D:11     | Found Tehub's Weapon Emporium.
 19395 | D:11     | Found a staircase to the Orcish Mines.
 19483 | D:11     | Found Qytirgh's Book Shop.
 19773 | D:11     | Noticed Harold
 19795 | D:11     | Killed Harold
 20119 | Orc:1    | Entered Level 1 of the Orcish Mines
 20529 | Orc:2    | Entered Level 2 of the Orcish Mines
 20550 | Orc:2    | Noticed nel's ghost (journeyman DgSk)
 20574 | Orc:2    | Killed nel's ghost
 20597 | Orc:2    | Found a staircase to the Elven Halls.
 20941 | Orc:2    | Noticed an orc warlord
 20946 | Orc:2    | Received a gift from Okawaru
 20961 | Orc:2    | Killed an orc warlord
 21028 | Orc:2    | Reached skill level 10 in Short Blades
 21028 | Orc:2    | Reached skill level 10 in Long Blades
 21028 | Orc:2    | Reached skill level 10 in Axes
 21028 | Orc:2    | Reached skill level 10 in Polearms
 21028 | Orc:2    | Reached skill level 10 in Staves
 21028 | Orc:2    | Reached skill level 10 in Slings
 21028 | Orc:2    | Reached skill level 10 in Bows
 21028 | Orc:2    | Reached skill level 10 in Crossbows
 21028 | Orc:2    | Reached skill level 10 in Throwing
 21028 | Orc:2    | Reached skill level 10 in Dodging
 21028 | Orc:2    | Reached skill level 10 in Stealth
 21028 | Orc:2    | Reached skill level 10 in Unarmed Combat
 21028 | Orc:2    | Reached skill level 10 in Spellcasting
 21028 | Orc:2    | Reached skill level 10 in Evocations
 21287 | Orc:2    | Found Vutode Largh's General Store.
 21288 | Orc:2    | Found Yroa's Book Emporium.
 21289 | Orc:2    | Found Kusomos's Antique Armour Emporium.
 21289 | Orc:2    | Found Yxitieq's Antique Weapon Shoppe.
 21471 | Orc:2    | Found a roughly hewn altar of Beogh.
 22078 | D:12     | Received a gift from Okawaru
 22651 | D:13     | Received a gift from Okawaru
 23147 | D:14     | Reached XP level 16. HP: 127/127 MP: 33/33
 23171 | D:14     | Found a gate to the Vaults.
 23182 | D:14     | Noticed Louise
 23199 | D:14     | Killed Louise
 23210 | D:14     | Got a scorched hat
 23216 | D:14     | Identified the cursed +0 hat "Aciruajo" {+Inv rN+++ Str-4} (You found it on level 14 of the Dungeon)
 23417 | D:14     | Reached ****** piety under Okawaru
 23417 | D:14     | Received a gift from Okawaru
 23521 | D:14     | Noticed Nessos
 23550 | D:14     | Killed Nessos
 23550 | D:14     | Received a gift from Okawaru
 23806 | D:15     | Entered Level 15 of the Dungeon
 24092 | D:15     | Found a staircase to the Depths.
 24275 | D:15     | Received a gift from Okawaru
 25064 | Depths:1 | Entered Level 1 of the Depths
 25064 | Depths:1 | Found a one-way gate to the infinite horrors of the Abyss.
 25326 | Shoals:1 | Entered Level 1 of the Shoals
 25571 | Shoals:1 | Noticed Roxanne
 25633 | Shoals:1 | Killed Roxanne
 25634 | Shoals:1 | Identified Roxanne's Compendium of Stones (You took it off Roxanne on level 1 of the Shoals)
 25652 | Shoals:1 | Received a gift from Okawaru
 25926 | Shoals:1 | Found the +8 longbow "Zephyr" {speed, Dex+3 SInv}
 26333 | Shoals:2 | HP: 1/129 [water nymph/the raging water (18)]
 26344 | Shoals:1 | Killed from afar by a water nymph

Vault maps used:
D:1:      dpeg_arrival_three_same_balls
D:2:      grunt_temple_overflow_open, minivault_5, uniq_terence, uniq_natasha,
          uniq_robin
D:3:      portal_sewer_entry_b
D:4:      first_ration, corexii_shack, uniq_crazy_yiuf_cottage, uniq_sigmund
D:5:      nicolae_temple_entry_ecumenical
D:6:      lemuel_coloured_pillars_altar, lemuel_zombie_altar_yredelemnul,
          nicolae_overflow_hidden_temple
D:7:      basic_altar
D:8:      lemuel_round_altar, dpeg_lair_monsters,
          lightli_ossuary_entry_decrepit_ruins, hangedman_pestilent_swarm,
          st_stairs_1, grunt_gozag_breadcrumbs, uniq_maurice, uniq_joseph,
          uniq_prince_ribbit1, uniq_grum
D:10:     enter_trove_0, uniq_erica
D:11:     orc_david_3, serial_shops, nicolae_shop_stone, uniq_harold
D:12:     spider_trap
D:14:     erik_vaults_1, minmay_misc_feat_ornament, uniq_louise, uniq_nessos
D:15:     grunt_enter_depths_magical_seal, minmay_misc_feat_pillars,
          minmay_crystal_room
Temple:   eino_temple_lava
Lair:1:   nzn_random_ring
Lair:2:   minmay_shoals_entry_lonely_mermaid, nicolae_spider_entry_tight_spaces,
          grunt_megastairs_5, lemuel_fruit_tree, infiniplex_staircase_pool
Lair:3:   beast_lair_carwin_6, uniq_rupert, uniq_nergalle, uniq_sonja
Lair:4:   portal_ice_cave_rime, serial_bayou, serial_bayou_ford_a,
          serial_bayou_lake_a, serial_bayou_pond_b, serial_bayou_pond_c,
          grunt_megastairs_2, uniq_snorg
Lair:5:   slime_altar_1
Lair:6:   evilmike_catoblepas_cave, serial_forest, infiniplex_forest_lined_3,
          infiniplex_forest_end_1, infiniplex_forest_lined_room_2,
          infiniplex_forest_clump_long, infiniplex_forest_lined_3_way,
          infiniplex_forest_lined_3_way, uniq_josephine
Shoals:1: nicolae_shoals_water_shrine, uniq_roxanne
Shoals:2: cheibrodos_shoals_satyrical_garden, serial_shops, shop
Orc:2:    st_orc_congregation, basic_altar, nicolae_orc_rockfall
Depths:1: cheibrodos_lost_city_excavation, enter_ziggurat_e,
          hangedman_tar_grid_catacomb, special_room, rand_demon_pan_entry_8,
          abyss_entry, nrook_mini_vaults, minmay_misc_feat_x, st_stairs_1,
          kennysheep_underground_church
Sewer:    sewer_frog_island_02
Ossuary:  ossuary_minmay_tomb_2a
IceCv:    ice_cave_statue_garden_chambered

Skill      XL: |  1  2  3  4  5  6  7  8  9 10 11 12 13 14 15 16 |
---------------+-------------------------------------------------+-----
Invocations    | 1 2 3 4 5 6 7 8 9 10 11 | 11.8
Short Blades   | 1 2 3 4 5 6 7 8 9 10 11 | 11.0
Long Blades    | 1 2 3 4 5 6 7 8 9 10 11 | 11.0
Axes           | 1 2 3 4 5 6 7 8 9 10 11 | 11.0
Polearms       | 1 2 3 4 5 6 7 8 9 10 11 | 11.0
Staves         | 1 2 3 4 5 6 7 8 9 10 11 | 11.0
Slings         | 1 2 3 4 5 6 7 8 9 10 11 | 11.0
Bows           | 1 2 3 4 5 6 7 8 9 10 11 | 11.0
Crossbows      | 1 2 3 4 5 6 7 8 9 10 11 | 11.0
Throwing       | 1 2 3 4 5 6 7 8 9 10 11 | 11.0
Dodging        | 1 2 3 4 5 6 7 8 9 10 11 | 11.0
Stealth        | 1 2 3 4 5 6 7 8 9 10 11 | 11.0
Unarmed Combat | 1 2 3 4 5 6 7 8 9 10 11 | 11.0
Spellcasting   | 1 2 3 4 5 6 7 8 9 10 11 | 11.0
Evocations     | 1 2 3 4 5 6 7 8 9 10 11 | 11.0
Conjurations   | 1 2 3 4 5 6 7 8 9 |  9.3
Hexes          | 1 2 3 4 5 6 7 8 9 |  9.3
Charms         | 1 2 3 4 5 6 7 8 9 |  9.3
Summonings     | 1 2 3 4 5 6 7 8 9 |  9.3
Necromancy     | 1 2 3 4 5 6 7 8 9 |  9.3
Translocations | 1 2 3 4 5 6 7 8 9 |  9.3
Transmutations | 1 2 3 4 5 6 7 8 9 |  9.3
Fire Magic     | 1 2 3 4 5 6 7 8 9 |  9.3
Ice Magic      | 1 2 3 4 5 6 7 8 9 |  9.3
Air Magic      | 1 2 3 4 5 6 7 8 9 |  9.3
Earth Magic    | 1 2 3 4 5 6 7 8 9 |  9.3
Poison Magic   | 1 2 3 4 5 6 7 8 9 |  9.3
Maces & Flails | 5 6 7 8 9 10 11 | 11.8
Fighting       | 7 8 9 10 11 12 | 12.5
Armour         | 7 8 9 10 11 12 | 12.5
Shields        | 7 8 9 10 11 12 | 12.5

Action                   |  1- 3 |  4- 6 |  7- 9 | 10-12 | 13-15 | 16-18 || total
-------------------------+-------+-------+-------+-------+-------+-------++-------
Melee: Flail             |    89 |    65 |       |       |       |       ||   154
       Bite              |     8 |    36 |    56 |   118 |   265 |    98 ||   581
       Short sword       |       |   127 |       |       |       |       ||   127
       Whip              |       |   176 |   410 |   826 |    64 |       ||  1476
       Kick              |       |       |       |   112 |   588 |       ||   700
       Dire flail        |       |       |       |       |  1174 |   544 ||  1718
Throw: Tomahawk          |       |       |       |    10 |    29 |       ||    39
       Javelin           |       |       |       |       |     2 |       ||     2
Invok: Heroism           |       |       |     2 |    23 |    22 |     8 ||    55
       Finesse           |       |       |       |       |     2 |     1 ||     3
Evoke: Wand              |       |       |       |     1 |     7 |     1 ||     9
  Use: Scroll            |       |     9 |    10 |    16 |     7 |     3 ||    45
       Potion            |       |       |     1 |     2 |     1 |     3 ||     7
 Stab: Distracted        |       |       |       |     2 |     1 |     2 ||     5
       Sleeping          |       |       |       |     2 |    17 |     5 ||    24
       Petrified         |       |       |       |       |     1 |       ||     1
  Eat: Chunk             |     1 |     6 |    14 |    10 |    29 |     8 ||    68
       Ration            |       |       |       |     4 |       |     1 ||     5
Armor: Scale mail        |    38 |    26 |       |       |       |       ||    64
       Chain mail        |       |   126 |   127 |   157 |    66 |       ||   476
       Leather armour    |       |       |       |    13 |       |       ||    13
       Ice dragon scales |       |       |       |       |   330 |   290 ||   620
Dodge: Dodged            |    34 |    82 |    84 |   239 |   672 |   389 ||  1500
Block: Shield            |    59 |   211 |   183 |   473 |    35 |       ||   961
       Other             |       |       |       |       |   327 |    73 ||   400
       Reflection        |       |       |       |       |    16 |     8 ||    24
       Rpst.: Whip       |       |       |       |    23 |     2 |       ||    25
       Dire flail        |       |       |       |       |   178 |    64 ||   242

Table legend:
 A = Spawn XP
 B = Non-spawn XP
 C = Spawn XP percentage of total XP
 D = Spawn monster count
 E = Non-spawn monster count
 F = Spawn count percentage of total count
 G = Total turns spent on level
                    A         B        C        D         E        F      G
               +---------+---------+-------+---------+---------+-------+---------
         Total |       0 |  178048 |   0.0 |       0 |     949 |   0.0 | 26344
               +---------+---------+-------+---------+---------+-------+---------
           D:1 |       0 |      90 |   0.0 |       0 |      35 |   0.0 |  1343
           D:2 |       0 |     246 |   0.0 |       0 |      34 |   0.0 |  1127
           D:3 |       0 |     159 |   0.0 |       0 |      30 |   0.0 |   938
           D:4 |       0 |     584 |   0.0 |       0 |      28 |   0.0 |   967
           D:5 |       0 |     890 |   0.0 |       0 |      23 |   0.0 |   819
           D:6 |       0 |     887 |   0.0 |       0 |      26 |   0.0 |   931
           D:7 |       0 |    2622 |   0.0 |       0 |      39 |   0.0 |  1500
           D:8 |       0 |    7652 |   0.0 |       0 |      55 |   0.0 |  2229
           D:9 |       0 |    2307 |   0.0 |       0 |      14 |   0.0 |   939
          D:10 |       0 |    3264 |   0.0 |       0 |      15 |   0.0 |   853
          D:11 |       0 |    6239 |   0.0 |       0 |      45 |   0.0 |   799
          D:12 |       0 |    6043 |   0.0 |       0 |      44 |   0.0 |   645
          D:13 |       0 |    4311 |   0.0 |       0 |      20 |   0.0 |   659
          D:14 |       0 |   14061 |   0.0 |       0 |      37 |   0.0 |   800
          D:15 |       0 |   18279 |   0.0 |       0 |      48 |   0.0 |  1297
        Lair:1 |       0 |    4354 |   0.0 |       0 |      18 |   0.0 |  1067
        Lair:2 |       0 |    7458 |   0.0 |       0 |      36 |   0.0 |  1474
        Lair:3 |       0 |   14080 |   0.0 |       0 |      43 |   0.0 |  1320
        Lair:4 |       0 |    5694 |   0.0 |       0 |      18 |   0.0 |   874
        Lair:5 |       0 |   11336 |   0.0 |       0 |      34 |   0.0 |   630
        Lair:6 |       0 |   21821 |   0.0 |       0 |      70 |   0.0 |  1196
      Shoals:1 |       0 |   20135 |   0.0 |       0 |      40 |   0.0 |   968
      Shoals:2 |       0 |    2232 |   0.0 |       0 |       4 |   0.0 |    50
         Orc:1 |       0 |    3328 |   0.0 |       0 |      18 |   0.0 |   415
         Orc:2 |       0 |   16099 |   0.0 |       0 |     103 |   0.0 |  1210
         Sewer |       0 |     320 |   0.0 |       0 |      45 |   0.0 |   307
       Ossuary |       0 |     433 |   0.0 |       0 |      16 |   0.0 |   414
         IceCv |       0 |    3124 |   0.0 |       0 |      11 |   0.0 |   480
               +---------+---------+-------+---------+---------+-------+---------
